AoeStats
← Trace9226

Arabia

503384950Analyzed
1v1 RM · 1mo ago on Aug 31, 2026· 39m 3s· 2 players
Game mode
Random Map
Map size
Tiny (2 player)
Population
200
Speed
Normal
Resources
Standard
Victory
Conquest
Starting age
Dark Age
Ending age
Imperial Age
RankedLock teamsTeams togetherTeam positionsShared explorationLock speedFull tech treeHidden civsTurbo modeCheats
Victory
Defeat
🇨🇿 Sicilians · Czechia
978
+15
🇹🇼 Magyars · Taiwan
959
-15
不要太兇
11:45 Feudal Age
18:14 Castle Age
30:18 Light Cavalry
31:13 Fletching
32:44 Bloodlines
34:38 Corvinian Army
34:47 Husbandry
Trace9226
7:10 Loom
9:28 Feudal Age
9:56 Double-Bit Axe
12:29 Horse Collar
16:16 Scale Mail Armor
26:40 Castle Age
25:55 Wheelbarrow
29:44 Chain Mail Armor
29:39 Forging
30:36 Gold Mining
36:21 Imperial Age
33:45 Stone Mining
34:20 Heavy Plow
35:03 Town Watch
35:39 Pikeman
36:46 Capped Ram
37:40 Siege Ram
Connection lost

Rejoining the realm…

Still unreachable

The connection could not be restored.

Session expired

The server has moved on; the page needs a fresh start.